Match 41341460
Unlisted

Match 41341460
End
Construct Infanterie Kompanie
Kettenkrad Recon Vehicle
Selects Mechanized Battlegroup
Grenadier Squad
Grenadier Squad
Grenadier Squad
MG 42 Machine Gun Team
Infanterie Officer Quarters
Construct Panzergrenadier Kompanie
Pak 40 Anti-tank Gun Team
251 Medium Carrier
Selects Raid Package
Selects StuG Assault Group
StuG Assault Group
Panzergrenadier Officer Quarters
Selects Mobile Repair Stations
Selects UNKNOWN (2160084)
Construct Panzer Kompanie
KevinTDW
TatonkaJack
0
0

Comments sign in to comment!

No comments posted yet!